 Dungeon Crawl Stone Soup version 0.30.1-11-g7821555f0a (webtiles) character file.

Game seed: 4516709657417521066

6211 Lutefisk the Zephyrmancer (level 10, -1/59 HPs)
             Began as a Tengu Air Elementalist on Nov 19, 2023.
             Was a Priest of Vehumet.
             Slain by a basilisk (15 damage)
             ... on level 9 of the Dungeon.
             The game lasted 00:53:17 (4242 turns).

Lutefisk the Zephyrmancer (Tengu Air Elementalist)  Turns: 4242, Time: 00:53:18

Health: -1/59      AC: 12    Str:  8    XL:     10   Next: 92%
Magic:  5/28       EV: 15    Int: 18    God:    Vehumet [***...]
Gold:   411        SH:  0    Dex: 17    Spells: 10/20 levels left

rFire   . . .        d - +0 whip (venom)
rCold   . . .        (no shield)
rNeg    . . .        a - +4 ring mail
rPois   +            (helmet restricted)
rElec   .            n - scarf {+Inv}
rCorr   .            v - +1 pair of gloves
SInv    .            (boots unavailable)
Will    .....        (no amulet)
Stlth   ++           f - ring of poison resistance
HPRegen 0.29/turn    y - ring of magical power
MPRegen 0.21/turn

%: no passive effects
@: flying quickly and evasively, quick
A: beak, talons 3, nimble flight
a: Renounce Religion, Evoke Invisibility


You were on level 9 of the Dungeon.
You worshipped Vehumet.
Vehumet was most pleased with you.
You visited 2 branches of the dungeon, and saw 11 of its levels.

You collected 411 gold pieces.

Inventory:

Hand Weapons
 d - a +0 whip of venom (weapon)
 A - a +2 mace of holy wrath
 F - a +0 trident
 J - a +2 whip of electrocution
Missiles
 i - 8 poisoned darts (quivered)
 C - a curare-tipped dart
Armour
 a - a +4 ring mail (worn)
 m - a +2 ring mail of poison resistance
 n - a scarf of invisibility (worn)
 v - a +1 pair of gloves (worn)
Jewellery
 f - a ring of poison resistance (left hand)
 j - a +6 ring of strength
 y - a ring of magical power (right hand)
Wands
 e - a wand of roots (2)
 z - a wand of flame (62)
 E - a wand of acid (3)
 I - a wand of digging (3)
Scrolls
 g - 2 scrolls of amnesia
 l - a scroll of fog
 p - a scroll of magic mapping
 s - a scroll of enchant armour
 t - 2 scrolls of enchant weapon
 w - a scroll of poison
 G - a scroll of torment
Potions
 b - 3 potions of magic
 c - 4 potions of curing
 h - a potion of brilliance {unknown}
 o - 2 potions of lignification {unknown}
 q - 2 potions of resistance {unknown}
 u - a potion of attraction {unknown}
 x - 2 potions of heal wounds {unknown}
 B - a potion of ambrosia {unknown}
 D - 2 potions of haste
 H - a potion of invisibility {unknown}


   Skills:
 - Level 5.0 Fighting
 - Level 1.0 Throwing
 - Level 6.0 Armour
 - Level 6.0 Dodging
 - Level 4.0 Stealth
 * Level 5.9 Spellcasting
 - Level 8.0 Conjurations
 * Level 11.1 Air Magic
 - Level 5.0 Evocations


You had 10 spell levels left.
You knew the following spells:

 Your Spells              Type           Power      Damage    Failure   Level
a - Shock                 Conj/Air       100%       1d9       1%          1
b - Static Discharge      Conj/Air       78%        2-6/arc   1%          2
c - Swiftness             Air            45%        N/A       1%          3
d - Airstrike             Air            22%        2d(4-20)  1%          4

Your spell library contained the following spells:

 Spells                   Type           Power      Damage    Failure   Level
 Sticky Flame             Conj/Fire      19%        2d4       17%         4
 Magic Dart               Conj           100%       1d8       1%          1
 Searing Ray              Conj           68%        2d6       1%          2
 Fulminant Prism          Conj/Hex       9%         3d6       17%         4
 Beastly Appendage        Tmut           10%        N/A       32%         1
 Lesser Beckoning         Tloc           10%        N/A       45%         2
 Sublimation of Blood     Necr           5%         N/A       45%         2
 Wereblood                Tmut           5%         N/A       45%         2
 Gell's Gravitas          Tloc           5%         N/A       69%         3
 Spider Form              Tmut/Pois      5%         N/A       69%         3
 Teleport Other           Tloc           5%         N/A       69%         3
 Summon Hydra             Summ           2%         N/A       100%        7


Dungeon Overview and Level Annotations

Branches:
Dungeon (10/15)            Temple (1/1) D:5            Lair (0/5) D:9
    Orc (0/2) D:10

Altars:
Dithmenos
Hepliaklqana
Kikubaaqudgha
Makhleb
Trog
Uskayaw
Vehumet
Wu Jian
Yredelemnul

Shops:
D:3 [

Annotations:
D:3 1 transporter, Unglued128's ghost, amateur GnWn
D:4 Grinder
D:6 2 transporters, monsoonserge's ghost, novice SpHu
D:10 Snorg


Innate Abilities, Weirdness & Mutations

You have a beak for a mouth.
You have claws for feet.
Your magical nature lets you fly swiftly and evasively.


Message History

You start resting.
A basilisk is nearby!
Casting: Airstrike (dangerous; 1% risk of failure)
Confirm with . or Enter, or press ? or * to list all spells.
Aiming: Airstrike (dangerous; 1% risk of failure)
Press: ? - help, Dir - move target, f - basilisk
Aim: a basilisk (wandering, hasn't noticed you, empty space bonus: 8/8)
The air twists around and strikes the basilisk!
The basilisk hisses angrily.
The basilisk is moderately wounded.
The basilisk gazes at you. You resist with some effort.
Your +2 whip of electrocution stops crackling.
Your +0 whip of venom begins to drip with poison!
d - a +0 whip of venom (weapon)
The basilisk gazes at you.
You are slowing down.
The basilisk bites you!
Your limbs are stiffening.
You closely miss the basilisk. Your kick misses the basilisk.
The basilisk is moderately wounded.
The basilisk bites you.
You have turned to stone.
The basilisk bites you but does no damage.
The basilisk gazes at you. You resist with some effort. The basilisk bites you!
* * * LOW HITPOINT WARNING * * *
The basilisk bites you!
* * * LOW HITPOINT WARNING * * *
The basilisk bites you.
* * * LOW HITPOINT WARNING * * *
The basilisk gazes at you. x2
The basilisk bites you!
* * * LOW HITPOINT WARNING * * *
The basilisk gazes at you. The basilisk bites you.
* * * LOW HITPOINT WARNING * * *
You turn to flesh and can move again.
Unknown command.
You feel better. The basilisk bites you!
You die...

##................
##..................
##.....................
#...........♣....P.....
#..............†...♣...
#.................P....
##........♣......P.....
##.................P...
##.....P..P@..........#
##.......l..>.....P..#
##...........P.....#
##....♣........P..# #.
##........P.....###.....
##..P.†.P....P..#.....S
##........P.P.........
#...P................
#....................


You could see a basilisk.

Vanquished Creatures
  2 two-headed ogres (D:9)
  A hornet (D:9)
  3 wyverns (D:9)
  6 yaks (D:9)
  3 vampire mosquitoes
  4 water moccasins (D:9)
  4 ice beasts
  2 black bears
  A centaur (D:6)
  3 kobold brigands
  2 phantoms (D:5)
  2 gnoll sergeants (D:8)
  2 bullfrogs
  2 scorpions
  6 wights
  4 howler monkeys
  5 orc priests
  2 hounds (D:5)
  A gnoll bouda (D:8)
  2 sleepcaps (D:6)
  2 jellies
  3 iguanas
  8 orc wizards
  15 gnolls (D:8)
  9 adders
  2 white imps
  3 worms
  A dart slug (D:2)
  31 orcs
  6 ball pythons
  2 bats (D:2)
  2 endoplasms
  A giant cockroach (D:2)
  2 goblins
  2 hobgoblins
  13 kobolds
  A quokka (D:2)
  2 frilled lizards (D:2)
  3 rats (D:2)
165 creatures vanquished.

Notes
Turn   | Place    | Note
-------+----------+-------------------------------------------
     0 | D:1      | Lutefisk the Tengu Air Elementalist began the quest for the
                  | Orb.
     0 | D:1      | Reached XP level 1. HP: 10/10 MP: 4/4
    80 | D:1      | Reached skill level 1 in Fighting
   166 | D:2      | Reached XP level 2. HP: 10/17 MP: 0/6
   261 | D:2      | Reached XP level 3. HP: 22/22 MP: 2/7
   435 | D:2      | Learned a level 2 spell: Static Discharge
   439 | D:2      | Learned a level 3 spell: Swiftness
   652 | D:4      | Reached XP level 4. HP: 17/28 MP: 1/8
   778 | D:5      | Entered Level 5 of the Dungeon
   889 | D:4      | Noticed Grinder
  1023 | D:3      | Found Momnogec's Antique Armour Boutique.
  1150 | D:3      | Found a transporter.
  1153 | D:3      | Noticed an ogre
  1153 | D:3      | Noticed Unglued128's ghost (amateur GnWn)
  1294 | D:4      | Reached skill level 5 in Air Magic
  1294 | D:4      | Gained mutation: Your magical nature lets you fly swiftly
                  | and evasively. [Tengu growth]
  1294 | D:4      | Reached XP level 5. HP: 19/32 MP: 0/9
  1457 | D:5      | Reached skill level 1 in Armour
  1490 | D:5      | Noticed a phantom
  1516 | D:5      | Killed a phantom
  1517 | D:5      | Reached skill level 6 in Air Magic
  1517 | D:5      | Reached skill level 1 in Evocations
  1517 | D:5      | Reached XP level 6. HP: 33/37 MP: 4/10
  1648 | D:5      | Reached skill level 1 in Throwing
  1680 | D:5      | Found a staircase to the Ecumenical Temple.
  1683 | D:5      | Noticed a black bear
  1701 | Temple   | Entered the Ecumenical Temple
  1747 | Temple   | Became a worshipper of Vehumet
  1874 | D:5      | Reached skill level 7 in Air Magic
  1889 | D:5      | Reached XP level 7. HP: 41/41 MP: 11/11
  1948 | D:5      | Reached skill level 8 in Air Magic
  1968 | D:5      | You are sucked into a shaft and drop 1 floor!
  2005 | D:6      | Found a transporter.
  2011 | D:6      | Found a transporter.
  2130 | D:7      | Reached * piety under Vehumet
  2130 | D:7      | Offered knowledge of Kiss of Death by Vehumet.
  2192 | D:6      | Reached XP level 8. HP: 46/46 MP: 5/13
  2231 | D:6      | Learned a level 4 spell: Airstrike
  2244 | D:6      | Noticed monsoonserge's ghost (novice SpHu)
  2260 | D:6      | Identified the +4 spear of Lutefisk's Misery {venom, Dex+4}
  2260 | D:6      | Identified the +1 scale mail "Quthrahyu" {rF- rN+ Will-
                  | Dex+5}
  2260 | D:6      | Identified the +3 buckler "Qifawny" {rElec Stlth+}
  2652 | D:8      | Noticed a yak
  2664 | D:8      | Reached skill level 9 in Air Magic
  2669 | D:8      | Noticed a yak
  2759 | D:7      | Reached skill level 10 in Air Magic
  2761 | D:7      | Reached skill level 5 in Conjurations
  2794 | D:7      | Offered knowledge of Scorch by Vehumet.
  2795 | D:7      | Reached XP level 9. HP: 52/52 MP: 14/16
  2894 | D:8      | Reached ** piety under Vehumet
  2942 | D:9      | Noticed a two-headed ogre
  2987 | D:8      | Identified the +1 hand axe of Quichide {drain, Str+4 Dex+5}
  3245 | D:9      | Noticed a hornet
  3255 | D:9      | Killed a hornet
  3443 | D:7      | Reached skill level 5 in Armour
  3443 | D:7      | Reached skill level 5 in Dodging
  3584 | D:6      | Offered knowledge of Momentum Strike by Vehumet.
  3628 | D:9      | Noticed a two-headed ogre
  3640 | D:9      | Killed a two-headed ogre
  3641 | D:9      | Reached skill level 5 in Evocations
  3641 | D:9      | Reached skill level 5 in Fighting
  3641 | D:9      | Reached XP level 10. HP: 54/59 MP: 12/17
  3642 | D:9      | Killed a two-headed ogre
  3689 | D:10     | Entered Level 10 of the Dungeon
  3689 | D:10     | Noticed Snorg
  3689 | D:10     | Noticed a gargoyle
  3689 | D:10     | Found a staircase to the Orcish Mines.
  3693 | D:9      | Reached *** piety under Vehumet
  3846 | D:10     | Noticed a two-headed ogre
  3934 | D:9      | Reached skill level 5 in Spellcasting
  4097 | D:9      | Found a staircase to the Lair.
  4156 | D:9      | Offered knowledge of Sticky Flame by Vehumet.
  4204 | D:9      | Reached skill level 11 in Air Magic
  4242 | D:9      | Slain by a basilisk

Illustrated notes

Levels and vault maps discovered:
D:1:      dpeg_chamrin_arrival_tetris, layout_basic
D:2:      layout_basic
D:3:      layout_basic, serial_shops, nicolae_shop_waterfront,
          gammafunk_ghost_smash
D:4:      layout_loops_cross, uniq_grinder
D:5:      layout_gridville, minmay_temple_entry_trees, uniq_edmund
D:6:      layout_basic, gammafunk_ghost_gnarly_gnolls
D:7:      layout_basic, kennysheep_dice
D:8:      layout_rooms
D:9:      layout_big_octagon, mainiacjoe_overflow_small_starburst,
          minmay_lair_entry_grove, hangedman_decor_diamond_cutter
D:10:     layout_loops_ring, orc_0_dummy, special_room [special_room_orc],
          uniq_snorg
Temple:   roderic_octagonal_lattice_temple

Skill      XL: |  1  2  3  4  5  6  7  8  9 10 |
---------------+-------------------------------+-----
Fighting       | 2 3 4 5 |  5.0
Conjurations   | 2 3 4 6 8 |  8.0
Air Magic      | 5 6 7 8 10 11 | 11.1
Armour         | 2 3 5 6 |  6.0
Evocations     | 1 2 5 |  5.0
Throwing       | 1 |  1.0
Spellcasting   | 3 4 5 |  5.9
Dodging        | 3 5 6 |  6.0
Stealth        | 3 4 |  4.0

Action                     |  1- 3 |  4- 6 |  7- 9 | 10-12 || total
---------------------------+-------+-------+-------+-------++-------
  Melee: Kick              |     5 |     4 |    15 |    21 ||    45
         Unarmed           |     1 |       |       |       ||     1
         Hand axe          |    15 |       |       |       ||    15
         Peck              |     1 |     4 |     9 |     7 ||    21
         Spear             |       |    34 |    30 |       ||    64
         Whip              |       |       |    19 |    39 ||    58
         Mace              |       |       |       |     4 ||     4
         Punch             |       |       |       |     1 ||     1
  Throw: Dart              |       |       |     6 |       ||     6
   Cast: Shock             |    44 |    62 |   144 |    12 ||   262
         Static Discharge  |       |     2 |     5 |     6 ||    13
         Airstrike         |       |       |    16 |    30 ||    46
Ability: Evoke Invisibilit |       |       |     2 |       ||     2
  Evoke: Wand              |       |     1 |       |     8 ||     9
    Use: Scroll            |       |       |    12 |     1 ||    13
         Potion            |       |       |       |     2 ||     2
 Armour: Robe              |     5 |       |       |       ||     5
         Leather armour    |       |     1 |       |       ||     1
         Ring mail         |       |    10 |    45 |    23 ||    78
  Dodge: Dodged            |    28 |    30 |    62 |    49 ||   169
